Map: Ulrena

Players

Harted

  • Race: Zerg Zerg
  • League: Bronze
  • Spawn Location: 7:00

zidar - Winner!

  • Race: Zerg Zerg
  • League: Silver
  • Spawn Location: 11:00

VOD

Have the link to the VOD?

Description

Time

  • Played on: Feb. 16, 2016, 12:46 p.m.
  • Length: 4:46
Show
View Real Time Build Order
Export as new Build Order

Harted Zerg 

Build Orders: Hatch First 

Get SALT Encoding   

  12  0:01  Drone  
  13  0:08  Drone  
  14  0:35  Hatchery  
  13  0:38  Drone  
  14  0:46  Extractor, Drone  
  15  1:00  Spawning Pool  
  14  1:04  Extractor  
  14  1:05  Drone  
  15  1:22  Overlord  
  15  1:28  Overlord  
  15  1:36  Extractor  
  14  1:40  Drone x2  
  14  1:47  Drone  
  17  1:50  Queen  
  17  1:53  Zergling x2  
  20  2:00  Zergling x4  
  22  2:06  Zergling x2  
  23  2:10  Queen  
  25  2:16  Drone  
  25  2:17  Zergling x2  
  27  2:31  Drone x2  
  29  2:38  Zergling x4  
  31  2:47  Drone  
  31  2:48  Drone  
  33  2:52  Extractor  
  33  2:57  Zergling x2  
  33  3:09  Hatchery  
  32  3:13  Drone x2  
  32  3:14  Drone x2  
  36  3:21  Spine Crawler  
  36  3:26  Drone  
  36  3:29  Overlord  
  36  3:37  Zergling x4  
  36  3:40  Zergling x4  
  33  3:43  Zergling x2  
  31  3:50  Queen  
  31  3:53  Zergling x2  
  33  4:06  Spine Crawler  
  33  4:07  Zergling x8  
  36  4:19  Zergling x4  
  34  4:33  Spine Crawler  
Show
View Real Time Build Order
Export as new Build Order

zidar Zerg - Winner!

Build Orders: Pool First 

Get SALT Encoding   

  12  0:02  Drone  
  13  0:12  Overlord  
  13  0:17  Drone  
  14  0:30  Drone x2  
  14  0:34  Drone  
  17  0:49  Spawning Pool  
  17  0:50  Drone  
  17  0:59  Extractor  
  17  1:04  Drone  
  17  1:24  Hatchery  
  17  1:25  Drone  
  17  1:34  Drone  
  17  1:38  Queen  
  20  1:50  Overlord  
  20  1:52  Drone  
  21  1:55  Drone  
  22  2:06  Metabolic Boost  
  22  2:12  Zergling x2  
  22  2:23  Queen  
  22  2:29  Zergling x2  
  25  2:30  Zergling x2  
  26  2:39  Zergling x4  
  28  2:47  Zergling x2  
  29  2:51  Zergling x2  
  29  2:52  Zergling x6  
  33  3:18  Overlord x2  
  33  3:30  Roach Warren  
  33  3:32  Extractor  
  24  3:46  Zergling x2  
  24  3:47  Zergling x16  
  30  4:04  Zergling x2  
  30  4:05  Zergling x8  
Tags
 
Matchup
ZvZ
Race
Zerg
Spawn Locations
Close Positions
Add a new tag
Caveats
  • Supply blocks, unpowered buildings, or Contaminate may cause inaccurate times.
  • Supply counts are checked every 10 seconds.